 Dungeon Crawl Stone Soup version 0.31-a0-626-g8143ab4f1d (webtiles) character file.

Game seed: 854740315657906918

1516 funkygono the Digger (level 9, -3/61 HPs)
             Began as a Formicid Earth Elementalist on July 24, 2023.
             Was an Initiate of Vehumet.
             Slain by a two-headed ogre
             ... wielding a +0 giant spiked club
              (16 damage)
             ... on level 6 of the Dungeon on Aug 24, 2023.
             The game lasted 00:13:51 (5305 turns).

funkygono the Digger (Formicid Earth Elementalist)  Turns: 5305, Time: 00:13:52

Health: -3/61      AC: 11    Str: 16    XL:     9   Next: 9%
Magic:  6/19       EV: 12    Int: 16    God:    Vehumet [......]
Gold:   216        SH:  5    Dex: 14    Spells: 15/21 levels left

rFire   . . .        x - +2 whip (flame)
rCold   . . .        (no shield)
rNeg    . . .        p - +3 leather armour
rPois   .            (helmet unavailable)
rElec   .            y - +2 cloak
rCorr   .            (no gloves)
SInv    +            r - +1 pair of boots
Will    .....        l - amulet of reflection
Stlth   ++           (no ring)
HPRegen 0.30/turn    (no ring)
MPRegen 0.16/turn

%: reflection
@: very slightly contaminated
A: permanent stasis, dig shafts and tunnels, antennae 3, four strong arms
a: Dig, Shaft Self, Renounce Religion


You were on level 6 of the Dungeon.
You worshipped Vehumet.
Vehumet was noncommittal.
You visited 2 branches of the dungeon, and saw 7 of its levels.

You collected 310 gold pieces.
You spent 94 gold pieces at shops.

Inventory:

Hand Weapons
 k - a +0 quarterstaff of protection
 x - a +2 whip of flaming (weapon)
 z - a +1 heavy flail
Missiles
 c - 64 stones
 s - 7 poisoned darts
 u - 2 atropa-tipped darts
Armour
 p - a +3 leather armour (worn)
 r - a +1 pair of boots (worn)
 y - a +2 cloak (worn)
Jewellery
 l - an amulet of reflection (around neck)
Talismans
 j - a blade talisman
 o - a beast talisman
Wands
 v - a wand of iceblast (6)
Scrolls
 a - 2 scrolls of enchant armour
 d - 2 scrolls of teleportation
 e - a scroll of fog
 h - 2 scrolls of torment
 m - a scroll of brand weapon
 t - 2 scrolls of vulnerability
 A - 2 scrolls of poison
Potions
 b - a potion of magic
 g - a potion of enlightenment
 i - 2 potions of heal wounds
 n - a potion of mutation
 q - a potion of berserk rage {unknown}
 w - a potion of invisibility {unknown}


   Skills:
 + Level 1.7 Fighting
 + Level 2.7 Maces & Flails
 + Level 2.9 Armour
 + Level 2.9 Dodging
 + Level 3.5 Stealth
 + Level 2.1 Shields
 + Level 0.3 Unarmed Combat
 + Level 6.8 Spellcasting
 + Level 1.1 Transmutations
 + Level 7.9 Earth Magic
 + Level 0.6 Shapeshifting


You had 15 spell levels left.
You knew the following spells:

 Your Spells              Type           Power      Damage    Failure   Level
a - Sandblast             Erth           60%        2d14      1%          1
b - Passwall              Tmut/Erth      15%        N/A       3%          2
c - Stone Arrow           Conj/Erth      36%        3d9       9%          3

Your spell library contained the following spells:

 Spells                   Type           Power      Damage    Failure   Level
 Magic Dart               Conj           20%        1d4       16%         1
 Call Imp                 Summ           10%        N/A       22%         2
 Petrify                  Tmut/Erth      19%        N/A       24%         4
 Mephitic Cloud           Conj/Pois/Air  5%         N/A       41%         3


Dungeon Overview and Level Annotations

Branches:
Dungeon (6/15)             Temple (1/1) D:6

Altars:
Ashenzari
Cheibriados
Dithmenos
Elyvilon
Fedhas
Gozag
Hepliaklqana
Kikubaaqudgha
Makhleb
Qazlal
Ru
Sif Muna
Trog
Uskayaw
Vehumet
Wu Jian
Xom
Zin
The Shining One

Shops:
D:4 [:*(


Innate Abilities, Weirdness & Mutations

You cannot be hasted, slowed, berserked, paralysed or teleported.
You can dig through walls and to a lower floor.
You have a pair of large antennae on your head. (SInv)
Your four strong arms can wield two-handed weapons with a shield.


Message History

Confirm with . or Enter, or press ? or * to list all spells.
Aiming: Stone Arrow (dangerous; 9% risk of failure)
Press: ? - help, Shift-Dir - straight line, f - two-headed ogre
Aim: a two-headed ogre, wielding a +0 giant spiked club and a +0 giant club (85% to hit)
You miscast Stone Arrow.
You are very lightly contaminated with residual magic.
Nothing appears to happen.
Casting: Stone Arrow (dangerous; 9% risk of failure)
Confirm with . or Enter, or press ? or * to list all spells.
Aiming: Stone Arrow (dangerous; 9% risk of failure)
Press: ? - help, Shift-Dir - straight line, f/p - two-headed ogre
Aim: a two-headed ogre, wielding a +0 giant spiked club and a +0 giant club (85% to hit)
The stone arrow misses the two-headed ogre.
Casting: Stone Arrow (dangerous; 9% risk of failure)
Confirm with . or Enter, or press ? or * to list all spells.
Aiming: Stone Arrow (dangerous; 9% risk of failure)
Press: ? - help, Shift-Dir - straight line, f/p - two-headed ogre
Aim: a two-headed ogre, wielding a +0 giant spiked club and a +0 giant club (85% to hit)
You miscast Stone Arrow.
Nothing appears to happen.
Casting: Stone Arrow (dangerous; 9% risk of failure)
Confirm with . or Enter, or press ? or * to list all spells.
Aiming: Stone Arrow (dangerous; 9% risk of failure)
Press: ? - help, Shift-Dir - straight line, f/p - two-headed ogre
Aim: a two-headed ogre, wielding a +0 giant spiked club and a +0 giant club (85% to hit)
The stone arrow hits the two-headed ogre!
The two-headed ogre is moderately wounded.
The two-headed ogre hits you with a +0 giant spiked club!
You block the two-headed ogre's attack.
You hit the two-headed ogre but do no damage.
The two-headed ogre is moderately wounded.
The two-headed ogre hits you but does no damage.
The two-headed ogre hits you with a +0 giant club!
You hit the two-headed ogre. You burn the two-headed ogre.
The two-headed ogre is moderately wounded.
You hit the two-headed ogre. You burn the two-headed ogre.
The two-headed ogre is heavily wounded.
The two-headed ogre hits you with a +0 giant spiked club!
* * * LOW HITPOINT WARNING * * *
The two-headed ogre hits you with a +0 giant club!
You die...

..#...#...# ..#...#...#
#.#.......###
#.###._.###.#############
###.#...[...#..............
#...#...#...#..###########.
#.#.#...#..)#..............
#
##...'#######'...###.######.
.. #.........O@.....# #.# #.
...###...........##...# #.#
#. ................>.....#
#.# #.
.###.....#...<...##....##.#
##. ###...............#.##.#
#.# ##...##..........#.##.#
##.
.####....##.#####.####.##.#
## ......#..##.# #.# .##.# #
.###.....# #.# #


You could see a two-headed ogre.

Vanquished Creatures
  Pikel (D:4)
  4 ogres
  2 lemures (D:4)
  2 phantoms
  2 scorpions (D:4)
  2 orc priests
  2 jellies
  2 iguanas (D:6)
  5 orc wizards
  Robin (D:3)
  7 adders
  5 dart slugs
  11 orcs
  4 ball pythons
  5 endoplasms
  A giant cockroach (D:3)
  16 goblins
  9 hobgoblins
  7 kobolds
  2 quokkas
  3 bats
  7 rats
100 creatures vanquished.

Notes
Turn   | Place    | Note
-------+----------+-------------------------------------------
     0 | D:1      | funkygono the Formicid Earth Elementalist began the quest
                  | for the Orb.
     0 | D:1      | Reached XP level 1. HP: 13/13 MP: 3/3
   219 | D:1      | Reached XP level 2. HP: 19/19 MP: 3/5
   321 | D:1      | Reached skill level 4 in Earth Magic
   762 | D:1      | Reached XP level 3. HP: 24/24 MP: 4/6
  1427 | D:3      | Reached XP level 4. HP: 30/30 MP: 6/8
  1577 | D:3      | Identified the +2 helmet of the Gusle {Rampage +Inv}
  1577 | D:3      | Noticed Robin
  1588 | D:3      | Killed Robin
  1749 | D:3      | Upgraded the game from 0.31-a0-355-g57cb03d3e8 to
                  | 0.31-a0-358-gac0dbeb3ab
  1765 | D:3      | Reached skill level 5 in Earth Magic
  1795 | D:3      | Noticed a phantom
  1809 | D:3      | Killed a phantom
  1810 | D:3      | Reached XP level 5. HP: 19/35 MP: 3/9
  2060 | D:3      | Reached XP level 6. HP: 16/41 MP: 7/11
  2568 | D:4      | Reached skill level 1 in Armour
  2633 | D:4      | Found a transporter.
  2635 | D:4      | Found Tuwn's Antique Weapon Shoppe.
  2757 | D:4      | Noticed an ogre
  2769 | D:4      | Killed an ogre
  2770 | D:4      | Reached XP level 7. HP: 25/47 MP: 8/13
  2882 | D:4      | Reached skill level 1 in Fighting
  2882 | D:4      | Reached skill level 1 in Shields
  3053 | D:4      | Reached skill level 6 in Earth Magic
  3290 | D:4      | Found Acul's Assorted Antiques.
  3298 | D:4      | Bought a cloak for 94 gold pieces
  3311 | D:4      | Found Ocuipau's Armour Emporium.
  3402 | D:4      | Found Georu's Book Boutique.
  3488 | D:4      | Noticed Pikel
  3509 | D:4      | Killed Pikel
  3510 | D:4      | Reached skill level 7 in Earth Magic
  3510 | D:4      | Reached XP level 8. HP: 8/54 MP: 5/17
  3935 | D:4      | Found a transporter.
  4150 | D:5      | Entered Level 5 of the Dungeon
  4486 | D:5      | Learned a level 3 spell: Stone Arrow
  4620 | D:5      | Learned a level 2 spell: Passwall
  4620 | D:5      | Upgraded the game from 0.31-a0-358-gac0dbeb3ab to
                  | 0.31-a0-626-g8143ab4f1d
  4675 | D:6      | Found a sacrificial altar of Ru.
  4786 | D:6      | Found a staircase to the Ecumenical Temple.
  4799 | Temple   | Entered the Ecumenical Temple
  4859 | Temple   | Became a worshipper of Vehumet
  4916 | D:6      | Reached XP level 9. HP: 59/60 MP: 15/19
  5294 | D:6      | Noticed a two-headed ogre
  5305 | D:6      | Slain by a two-headed ogre

Illustrated notes

Levels and vault maps discovered:
D:1:      dpeg_arrival_snail, layout_basic
D:2:      layout_rooms, skrybe_limestone_x
D:3:      layout_rooms, uniq_robin
D:4:      layout_cave_pods, serial_shops, shop, nicolae_shop_drivethru,
          nicolae_shop_peninsula, nicolae_shop_gibbet_a_chance, uniq_pikel
D:5:      layout_rooms
D:6:      layout_loops_ring, nicolae_ru_great_annihilating_truth,
          minmay_temple_entry_arrows, serial_shops, shop, shop
Temple:   mainiacjoe_temple_bowtie_tessellation

Skill      XL: |  1  2  3  4  5  6  7  8 |
---------------+-------------------------+-----
Earth Magic    | 4 5 7 |  7.9
Dodging        | 2 |  2.9
Spellcasting   | 3 4 6 |  6.8
Maces & Flails | 2 |  2.7
Armour         | 1 2 |  2.9
Fighting       | 1 |  1.7
Shields        | 2 |  2.1
Stealth        | 3 |  3.5
Unarmed Combat | |  0.3
Transmutations | |  1.1
Shapeshifting  | |  0.6

Action                     |  1- 3 |  4- 6 |  7- 9 || total
---------------------------+-------+-------+-------++-------
  Melee: Unarmed           |    13 |       |       ||    13
         Club              |    20 |   114 |       ||   134
         Punch             |       |     3 |     1 ||     4
         Whip              |       |    35 |    36 ||    71
   Cast: Sandblast         |    28 |    57 |    75 ||   160
         Stone Arrow       |       |       |     5 ||     5
    Use: Scroll            |       |       |    11 ||    11
   Stab: Sleeping          |     1 |     1 |       ||     2
         Invisible         |       |     1 |       ||     1
 Armour: Robe              |     7 |       |       ||     7
         Leather armour    |       |    65 |    27 ||    92
  Dodge: Dodged            |    18 |   104 |    41 ||   163
  Block: Other             |       |    39 |    13 ||    52
   Form: Beast             |     2 |       |       ||     2
                           |     1 |     1 |       ||     2

Table legend: (Time is in decaauts)
 A = Elapsed time spent in this place.
 B = Non-inter-level travel time spent in this place.
 C = Inter-level travel time spent in this place.
 D = Time resting spent in this place.
 E = Time spent auto-exploring this place.
 F = Levels seen in this place.
 G = Mean time per level.
                   A        B        C        D        E       F      G
               +--------+--------+--------+--------+--------+-----+--------+
         Total |   5418 |   5126 |    292 |      0 |   3969 |   7 |  774.0 |
       Dungeon |   5324 |   5101 |    223 |      0 |   3945 |   6 |  887.3 |
        Temple |     93 |     25 |     68 |      0 |     24 |   1 |   93.0 |
               +--------+--------+--------+--------+--------+-----+--------+

Top non-repeatable levels by time:
     D:4: 1729 daAuts
     D:3: 1086 daAuts
     D:1: 963 daAuts
     D:6: 586 daAuts
     D:5: 487 daAuts
     D:2: 471 daAuts
  Temple: 93 daAuts
